 Dungeon Crawl Stone Soup version 0.17-a0-1632-g0af21bd (webtiles) character file.

25119 MikeDS the Basher (level 13, -6/83 HPs)
             Began as a Gargoyle Berserker on Aug 2, 2015.
             Was a High Priest of Trog.
             Mangled by Snorg (16 damage)
             ... on level 4 of the Lair of Beasts on Aug 3, 2015.
             The game lasted 03:52:28 (21861 turns).

MikeDS the Basher (Gargoyle Berserker)             Turns: 21861, Time: 03:52:28

Health: -6/83      AC: 32    Str: 27    XL:     13   Next: 17%
Magic:  13/13      EV: 10    Int: 12    God:    Trog [*****.]
Gold:   757        SH:  0    Dex: 10    Spells: 0 memorised, 12 levels left

rFire  . . .     SeeInvis +     N - +3 mace (protect)
rCold  . . .     Clarity  .     S - +3 scale mail
rNeg   + . .     SustAt   .     (no shield)
rPois  ∞         Gourm    .     f - +0 hat {SInv}
rElec  +         Spirit   .     W - +2 cloak
rCorr  .         Warding  .     w - +2 pair of gloves
rMut   .         Stasis   .     (no boots)
MR     .....                    (no amulet)
Stlth  ++........               j - ring of loudness (curse)
                                Z - ring of Betsusek {Str+3 Int+3}

@: exhausted, slowed, very slow, not resistant to hostile enchantments,
unstealthy
A: negative energy resistance 1, electricity resistance, unbreathing,
petrification resistance, rot immunity, AC +9
a: Burn Spellbooks, Berserk, Trog's Hand, Brothers in Arms, Renounce Religion


You were on level 4 of the Lair of Beasts.
You worshipped Trog.
Trog was extremely pleased with you.
You were very hungry.

You visited 3 branches of the dungeon, and saw 16 of its levels.

You collected 757 gold pieces.

Inventory:

Hand weapons
 y - a +2 antimagic morningstar
 N - a +3 mace of protection (weapon)
 X - a +3 dire flail of flaming
 Y - a +0 mace of draining
Missiles
 i - 3 javelins of returning (quivered)
 J - 2 poisoned tomahawks
 K - 3 silver javelins
Armour
 f - a +0 hat of see invisible (worn)
 w - a +2 pair of gloves (worn)
 S - a +3 scale mail (worn)
 U - a +2 leather armour of cold resistance
 W - a +2 cloak (worn)
Jewellery
 j - a cursed ring of loudness (right hand)
 k - an uncursed amulet of rage
 s - an uncursed amulet of resist corrosion
 x - an uncursed ring of stealth {unknown}
 z - a +4 ring of intelligence {unknown}
 B - an uncursed ring of wizardry {unknown}
 R - an uncursed ring of flight {unknown}
 Z - the ring of Betsusek (left hand) {Str+3 Int+3}
   (You found it on level 9 of the Dungeon)

   [ring of intelligence]

   It affects your strength (+3).
   It affects your intelligence (+3).
Magical devices
 a - a wand of enslavement (6)
 u - a wand of cold (6)
 D - a wand of teleportation (0)
 F - a wand of digging (13)
 H - a wand of draining (10)
 L - a wand of fire (6)
 P - a wand of paralysis (12)
Scrolls
 d - 5 scrolls of fog
 h - a scroll of teleportation
 r - a scroll of enchant weapon
 C - a scroll of recharging
 E - 2 scrolls of magic mapping
 M - 5 scrolls of fear
 O - a scroll of enchant armour
Potions
 e - a potion of brilliance
 m - a potion of agility
 n - a potion of resistance {unknown}
 o - a potion of ambrosia
 p - a potion of degeneration {unknown}
 q - a potion of invisibility {unknown}
 t - 2 potions of berserk rage
 A - 4 potions of curing
 I - a potion of flight {unknown}
 Q - a potion of beneficial mutation {unknown}
 V - a potion of might {unknown}
Comestibles
 b - a meat ration
 c - 4 bread rations
 g - 5 beef jerkies
 l - 3 fruits
 G - 2 chunks of flesh


   Skills:
 + Level 10.4 Fighting
 * Level 12.6 Maces & Flails
 + Level 9.0 Throwing
 + Level 10.3 Armour
 - Level 1.5 Dodging
 + Level 10.8 Stealth


You had 12 spell levels left.
You didn't know any spells.

Dungeon Overview and Level Annotations

Branches:
Dungeon (10/15)            Temple (1/1) D:4            Lair (5/8) D:9
  Snake (0/4) Lair:3
  Swamp: Lair:3-6    Shoals: Lair:3-6       Orc: D:9-12

Altars:
Ashenzari
Cheibriados
Dithmenos
Elyvilon
Fedhas
Gozag
Kikubaaqudgha
Makhleb
Nemelex Xobeh
Okawaru
Qazlal
Ru
Sif Muna
Trog
Vehumet
Xom
Yredelemnul
Zin
The Shining One

Shops:
D:4 *   D:7 =!   D:9 }

Annotations:
D:4 Grinder
Lair:4 Snorg


Innate Abilities, Weirdness & Mutations

You are resistant to torment.
Your stone body is resilient (AC +9).
You are immune to poison.
You resist negative energy.
You are resistant to electric shocks.
You can survive without breathing.
You are immune to petrification.
You are immune to rotting.


Message History

You are too berserk!
You feel a strong urge to attack something.
You feel your anger subside.
You are no longer berserk.
You are exhausted.
You feel yourself slow down.
You are feeling very hungry.
Drink which item? (? for menu, Esc to quit)
You feel much better. Snorg bites you. Snorg completely misses you.
Snorg claws you!
* * * LOW HITPOINT WARNING * * *
Snorg bites you.
* * * LOW HITPOINT WARNING * * *
Snorg claws you!
* * * LOW HITPOINT WARNING * * *
Snorg misses you.
Zapping:
D - a wand of teleportation {zapped: 7} (will waste charges)
Press: ? - help, Shift-Dir - straight line, f - you, p - Snorg Nothing appears to happen.
Snorg bites you but does no damage. Snorg claws you!
You die...

##....>####'####
#..#......##..P# ....... #.....#
#..#P.....##.P## .......
#.....###.........##...# ..#
#.....P##..#...........# ..#
#......##..#......#...## ..#
#...#####..##......#..# .P#
#..P#####..#..#..#....# ...P.
.#.##P.P#.#T..#.....#.#..#
................@..............#
#.###.#.#.###..P.#.###.#.#.#.###
### #. ######## ######.## # #
###


You could see Snorg (berserk).

Vanquished Creatures
  Rupert (Lair:3)
  Gastronok (D:9)
  3 hydras
  The ghost of Television the Grappler, an experienced TrSu of Qazlal (D:7)
  The ghost of asdu the Ruffian, an experienced NaTm of Okawaru (D:8)
  2 black mambas
  6 komodo dragons
  4 spiny frogs
  2 tengu conjurers (D:9)
  2 fire drakes
  4 blink frogs (Lair:3)
  A wyvern (Lair:4)
  3 basilisks
  A steam dragon (Lair:3)
  17 yaks
  5 hippogriffs
  4 nagas (Lair:3)
  3 water moccasins
  13 wolves
  The ghost of Conn321 the Sneak, an average OpTm of Okawaru (D:7)
  4 phantoms
  5 sky beasts
  4 porcupines
  A necrophage (D:6)
  An ice beast (D:8)
  6 ogres
  9 centaurs
  An eye of draining (D:8)
  3 orc warriors
  3 crocodiles
  A wyvern zombie (D:8)
  A big kobold (D:9)
  16 giant frogs
  2 scorpions
  3 killer bees (D:6)
  2 giant frog zombies (D:8)
  2 crimson imps (D:9)
  3 hounds
  A centaur zombie (D:9)
  13 orc priests
  A centaur skeleton (D:6)
  A giant frog skeleton (D:7)
  A jelly (D:9)
  11 iguanas
  8 orc wizards
  6 worker ants
  Natasha (thrice) (D:3)
  2 hell rats (Lair:1)
  12 sheep
  A hound zombie (D:5)
  8 gnolls
  68 river rats
  3 adders
  12 white imps (Lair:4)
  A shadow imp (D:7)
  An ooze (D:3)
  2 adder zombies
  A worm (D:2)
  5 giant geckos
  33 orcs
  7 bats
  6 giant cockroaches
  8 goblins
  5 hobgoblins
  12 jackals
  5 quokkas
  4 ball pythons
  8 giant newts
  A jackal skeleton (D:8)
  11 kobolds
  8 rats
411 creatures vanquished.

Vanquished Creatures (others)
  A quokka (D:9)
  11 fungi
  2 plants
14 creatures vanquished.

Grand Total: 425 creatures vanquished

Notes
Turn   | Place    | Note
--------------------------------------------------------------
     0 | D:1      | MikeDS the Gargoyle Berserker began the quest for the Orb.
     0 | D:1      | Reached XP level 1. HP: 14/14 MP: 1/1
   503 | D:1      | Reached XP level 2. HP: 17/19 MP: 2/2
   669 | D:1      | Reached skill level 1 in Stealth
  1055 | D:1      | Found a bloodstained altar of Trog.
  1597 | D:2      | Reached XP level 3. HP: 23/23 MP: 3/3
  1659 | D:2      | Acquired Trog's second power
  2302 | D:3      | Noticed Natasha
  2446 | D:3      | Killed Natasha
  2446 | D:3      | Reached XP level 4. HP: 29/29 MP: 4/4
  2528 | D:3      | Reached skill level 4 in Fighting
  2638 | D:3      | Noticed Natasha
  2644 | D:3      | Killed Natasha
  2688 | D:3      | Noticed Natasha
  2698 | D:3      | Killed Natasha
  3048 | D:4      | Noticed Conn321's ghost (average OpTm)
  3061 | D:4      | Reached XP level 5. HP: 33/33 MP: 5/5
  3126 | D:4      | Noticed an ogre
  3227 | D:5      | Entered Level 5 of the Dungeon
  3517 | D:4      | Noticed an ogre
  3969 | D:5      | Found a stormy altar of Qazlal.
  4053 | D:5      | Noticed Grinder
  4059 | D:5      | Paralysed by Grinder for 5 turns
  4069 | D:4      | Found Oxut Lea's Assorted Antiques.
  4069 | D:4      | Noticed an ogre
  4076 | D:4      | Killed an ogre
  4076 | D:4      | Reached skill level 1 in Throwing
  4076 | D:4      | Reached XP level 6. HP: 39/39 MP: 6/6
  4088 | D:4      | Paralysed by Grinder for 5 turns
  4243 | D:5      | Noticed a phantom
  4388 | D:4      | Killed an ogre
  4438 | D:4      | Found a staircase to the Ecumenical Temple.
  4785 | D:3      | Reached XP level 7. HP: 41/44 MP: 7/7
  5270 | Temple   | Entered the Ecumenical Temple
  5539 | D:5      | Killed a phantom
  5539 | D:5      | Reached skill level 5 in Fighting
  5745 | D:5      | Noticed a sky beast
  5797 | D:4      | Killed a sky beast
  6009 | D:5      | Noticed an ogre
  6019 | D:5      | Killed an ogre
  6019 | D:5      | Reached skill level 5 in Armour
  6019 | D:5      | Reached XP level 8. HP: 50/50 MP: 8/8
  6190 | D:5      | Noticed an ogre
  6195 | D:5      | Killed an ogre
  6195 | D:5      | Reached skill level 5 in Maces & Flails
  6349 | D:5      | Noticed a centaur
  6367 | D:5      | Killed a centaur
  6367 | D:5      | Reached skill level 5 in Stealth
  6624 | D:6      | Received a gift from Trog
  6694 | D:6      | Reached skill level 6 in Fighting
  7014 | D:6      | Found a shadowy altar of Dithmenos.
  7014 | D:6      | Found a radiant altar of Vehumet.
  7016 | D:6      | Found a glowing silver altar of Zin.
  7016 | D:6      | Found a blossoming altar of Fedhas.
  7016 | D:6      | Found a deep blue altar of Sif Muna.
  7016 | D:6      | Found an opulent altar of Gozag.
  7017 | D:6      | Found a sacrificial altar of Ru.
  7334 | D:7      | Found Yraeruiz's Jewellery Emporium.
  7777 | D:6      | Reached XP level 9. HP: 54/56 MP: 9/9
  7901 | D:5      | HP: 1/56 [orc warrior/hand axe (9)]
  8562 | D:7      | Killed Conn321's ghost
  8613 | D:7      | Found Beovah's Jewellery Boutique.
  8776 | D:7      | Acquired Trog's third power
  8857 | D:8      | Noticed asdu's ghost (experienced NaTm)
  9000 | D:7      | Reached skill level 7 in Fighting
  9038 | D:7      | Found an iron altar of Okawaru.
  9071 | D:7      | Found a sparkling altar of Nemelex Xobeh.
  9142 | D:7      | Noticed Television's ghost (experienced TrSu)
  9224 | D:7      | Found Rykhli's Distillery.
  9928 | D:7      | Upgraded the game from 0.17-a0-1625-g47e540b to 0.17-a0-1632-g0af21bd
 10102 | D:8      | Reached skill level 5 in Throwing
 10220 | D:8      | Reached XP level 10. HP: 63/63 MP: 10/10
 10584 | D:7      | Reached skill level 8 in Maces & Flails
 10657 | D:8      | Killed asdu's ghost
 10840 | D:7      | Killed Television's ghost
 11214 | D:8      | Found a white marble altar of Elyvilon.
 11285 | D:9      | Found a staircase to the Lair.
 11289 | D:9      | Paralysed by a centaur for 3 turns
 11323 | D:10     | Entered Level 10 of the Dungeon
 11334 | D:9      | Found a white marble altar of Elyvilon.
 11775 | D:9      | Noticed Gastronok
 12034 | D:9      | Killed Gastronok
 12034 | D:9      | Reached skill level 9 in Maces & Flails
 12034 | D:9      | Reached XP level 11. HP: 47/69 MP: 11/11
 12302 | D:9      | Found a shattered altar of Ashenzari.
 12397 | D:9      | Got a faintly glowing pewter ring
 12558 | D:9      | Found Kurugosch's Gadget Shoppe.
 13650 | Lair:1   | Entered Level 1 of the Lair of Beasts
 13759 | D:9      | Received a gift from Trog
 14102 | Lair:1   | Reached skill level 10 in Maces & Flails
 14581 | Lair:1   | Identified the ring of Betsusek {Str+3 Int+3} (You found it on level 9 of the Dungeon)
 16747 | Lair:2   | Noticed a six-headed hydra
 16882 | Lair:2   | Reached XP level 12. HP: 50/76 MP: 12/12
 17283 | Lair:1   | Reached skill level 11 in Maces & Flails
 17984 | Lair:3   | Received a gift from Trog
 18074 | Lair:2   | Killed a six-headed hydra
 18526 | Lair:3   | Reached skill level 10 in Stealth
 19035 | Lair:3   | Received a gift from Trog
 19210 | Lair:3   | Found a staircase to the Snake Pit.
 19708 | Lair:3   | Noticed Rupert
 19732 | Lair:3   | Killed Rupert
 19732 | Lair:3   | Reached skill level 10 in Fighting
 19732 | Lair:3   | Reached skill level 10 in Armour
 20374 | Lair:4   | Reached skill level 12 in Maces & Flails
 20555 | Lair:3   | Noticed a five-headed hydra
 20581 | Lair:2   | Noticed a five-headed hydra
 20839 | Lair:2   | Killed a five-headed hydra
 21009 | Lair:3   | Killed a five-headed hydra
 21009 | Lair:3   | Reached XP level 13. HP: 82/82 MP: 13/13
 21817 | Lair:4   | Noticed Snorg
 21861 | Lair:4   | Mangled by Snorg

Vault maps used:
D:1:      dpeg_arrival_lava_altar
D:3:      kennysheep_six_static_rooms, first_bread, uniq_natasha
D:4:      minmay_temple_entry_statues, serial_shops, nicolae_shop_trees,
          kennysheep_big_empty_room
D:5:      nicolae_qazlal_general_emergency, uniq_grinder
D:6:      grunt_temple_overflow_open
D:7:      lemuel_doored_altar, kennysheep_mini_moat, serial_shops, shop, shop,
          shop, grunt_ogre_cave, roderic_roman_lattice
D:8:      lemuel_upstairs_altar, st_stairs_13, kennysheep_generic_room_14
D:9:      elyvilon_altar_4, minmay_lair_entry_lava, serial_shops, shop,
          cheibrodos_ashenzari_chains, uniq_gastronok
D:10:     basic_altar, zaba_antful_of_joy, uniq_grum
Temple:   minmay_temple_bridge_a_8
Lair:1:   kennysheep_rathole
Lair:2:   lab_entry_generic
Lair:3:   guppyfry_snake_entry_island, minmay_lindwurm_lava, uniq_rupert
Lair:4:   portal_ice_cave_entry_imps, uniq_snorg
Lair:5:   hangedman_lair_unloving_vines, lemuel_oklob_altar

Action                   |  1- 3 |  4- 6 |  7- 9 | 10-12 | 13-15 || total
-------------------------+-------+-------+-------+-------+-------++-------
Melee: Mace              |   143 |    47 |       |   964 |   125 ||  1279
       Whip              |       |    98 |   334 |       |       ||   432
       Dire flail        |       |       |    35 |   174 |       ||   209
Throw: Javelin           |       |     6 |    82 |    51 |     6 ||   145
Invok: Berserk           |     3 |     3 |     1 |    13 |     2 ||    22
       Trog's Hand       |     1 |     2 |       |     3 |       ||     6
       Burn Spellbooks   |       |     1 |       |       |       ||     1
Evoke: Wand              |       |     1 |     2 |     4 |       ||     7
  Use: Scroll            |     4 |     6 |     5 |    13 |       ||    28
       Potion            |     1 |     1 |     5 |     7 |     1 ||    15
 Stab: Sleeping          |     3 |       |     4 |     7 |     1 ||    15
       Distracted        |       |       |     1 |     2 |       ||     3
  Eat: Chunk             |     5 |    10 |    14 |    16 |     3 ||    48
       Beef jerky        |     1 |       |       |     6 |       ||     7
       Fruit             |       |     1 |     1 |     1 |       ||     3
       Pizza             |       |     1 |       |     1 |       ||     2
       Bread ration      |       |       |     1 |     4 |       ||     5
       Meat ration       |       |       |       |     1 |       ||     1
